 Seeded DCSS version 0.30-a0-385-gfebfb9b408 (webtiles) character file.

Game seed: 841343 (custom seed)

49 McGhostyFace the Magician (level 3, -6/46 HPs)
             Began as a Gnoll Wanderer on Dec 2, 2022.
             Killed by divine providence
             ... invoked by an orc priest
              (13 damage)
             ... on level 3 of the Dungeon.
             The game lasted 00:03:50 (1889 turns).

McGhostyFace the Magician (Gnoll Wanderer)          Turns: 1889, Time: 00:03:51

Health: -6/46      AC:  4    Str:  7    XL:     3   Next: 75%
Magic:  11/11      EV: 11    Int: 17    God:
Gold:   103        SH:  0    Dex: 11    Spells: 15/16 levels left

rFire   . . .      SeeInvis .    l - +2 short sword (venom)
rCold   . . .      Faith    .    (no shield)
rNeg    . . .      Spirit   .    c - +0 robe
rPois   .          Reflect  .    (no helmet)
rElec   .          Harm     .    q - +0 cloak
rCorr   .          Rampage  .    d - +0 pair of gloves
Will    .....                    (no boots)
Stlth   ..........               (no amulet)
HPRegen 0.27/turn                (no ring)
MPRegen 0.12/turn                (no ring)

@: berserking, attractive, very quick
A: fangs 1, strong nose, distributed training
a: no special abilities


You were on level 3 of the Dungeon.
You visited 1 branch of the dungeon, and saw 3 of its levels.

You collected 103 gold pieces.

Inventory:

Hand Weapons
 a - a +0 dagger
 l - a +2 short sword of venom (weapon)
Missiles
 o - a throwing net (quivered)
Armour
 c - a +0 robe (worn)
 d - a +0 pair of gloves (worn)
 q - a +0 cloak (worn)
Jewellery
 m - a ring of resist corrosion
Scrolls
 e - a scroll of magic mapping {unknown}
 g - 2 scrolls of teleportation {unknown}
 j - a scroll of amnesia {unknown}
 k - a scroll of torment {unknown}
 n - 5 scrolls of identify {unknown}
 r - 2 scrolls of fear {unknown}
Potions
 f - 3 potions of attraction
 i - a potion of heal wounds {unknown}
 p - a potion of might {unknown}
 s - a potion of lignification {unknown}


   Skills:
 + Level 4.6 Fighting
 + Level 1.0 Short Blades
 + Level 1.0 Long Blades
 + Level 1.0 Axes
 + Level 1.0 Maces & Flails
 + Level 1.0 Polearms
 + Level 1.0 Staves
 + Level 1.0 Ranged Weapons
 + Level 1.0 Throwing
 + Level 1.0 Armour
 + Level 1.0 Dodging
 + Level 4.2 Stealth
 + Level 1.0 Shields
 + Level 1.0 Unarmed Combat
 + Level 7.1 Spellcasting
 + Level 0.7 Conjurations
 + Level 0.7 Hexes
 + Level 0.7 Summonings
 + Level 0.7 Necromancy
 + Level 0.7 Translocations
 + Level 3.8 Transmutations
 + Level 0.7 Fire Magic
 + Level 2.1 Ice Magic
 + Level 0.7 Air Magic
 + Level 0.7 Earth Magic
 + Level 0.7 Poison Magic
 + Level 1.0 Invocations
 + Level 1.0 Evocations


You had 15 spell levels left.
You knew the following spells:

 Your Spells              Type           Power      Damage    Failure   Level
a - Freeze                Ice            52%        1d6       4%          1

Your spell library contained the following spells:

 Spells                   Type           Power      Damage    Failure   Level
 Beastly Appendage        Tmut           38%        N/A       2%          1
 Ozocubu's Armour         Ice            13%        N/A       14%         3
 Spider Form              Tmut/Pois      13%        N/A       14%         3
 Petrify                  Tmut/Erth      13%        N/A       41%         4


Dungeon Overview and Level Annotations

Branches:
Dungeon (3/15)

Altars:


Innate Abilities, Weirdness & Mutations

You have very sharp teeth.
Your uncanny sense of smell can sniff out nearby items.
Your experience applies equally to all skills.


Message History

You are confused.
The orc hits you with a +0 hand axe.
* * * LOW HITPOINT WARNING * * *
The kobold is attracted toward you. The quokka is attracted toward you.
The orc is attracted toward you.
It was a potion of curing.
You feel better. The orc priest hits you with a +0 club.
* * * LOW HITPOINT WARNING * * *
The orc hits you but does no damage.
The orc wizard points at you and mumbles some strange words.
You resist with significant effort. The goblin hits you with a +0 club.
* * * LOW HITPOINT WARNING * * *
The orc hits you but does no damage.
You feel better. The orc hits you but does no damage.
The orc priest hits you with a +0 club.
The orc hits you from afar with a +0 trident.
* * * LOW HITPOINT WARNING * * *
The orc wizard gestures at you while chanting.
You resist with significant effort. The goblin barely misses you.
The orc closely misses you.
A red film seems to cover your vision as you go berserk!
You feel yourself moving faster!
You feel mighty!
The orc priest hits you but does no damage.
The orc barely misses you. The orc misses you.
The orc cheers repeatedly.
The orc hits you with a +0 hand axe.
* * * LOW HITPOINT WARNING * * *
The kobold closely misses you. The goblin hits you with a +0 club.
* * * LOW HITPOINT WARNING * * *
The orc wizard misses you.
You puncture the orc priest!
The orc priest is poisoned.
You bite the orc priest.
The orc priest is severely wounded.
The orc hits you from afar with a +0 trident.
* * * LOW HITPOINT WARNING * * *
The kobold hits you but does no damage. The goblin hits you with a +0 club.
* * * LOW HITPOINT WARNING * * *
The orc priest mumbles some strange prayers to Beogh against you.
Beogh smites you!
You die...

. #. ###...#### ##.
#. #......#.. ##r.#
#. ##.........
......#.##....^.....
....................
......##............
........o.r.........
.........oog........
.......###@o.)......
....... ##Ko....#..
..D...# #..#####
..........#. ##..#
...........# ...#
...........# #..#
...........# ...#
...........### ....
#.............


You could see an orc priest (very poisoned), an orc wizard, 3 orcs, a quokka, a
goblin and a kobold.

Vanquished Creatures
  A worm (D:2)
  2 ball pythons (D:1)
  4 endoplasms
  2 giant cockroaches (D:1)
  4 goblins
  4 hobgoblins
  4 jackals (D:1)
  4 bats (D:2)
  A frilled lizard (D:1)
  4 kobolds (D:1)
  13 rats (D:1)
43 creatures vanquished.

Notes
Turn   | Place    | Note
-------+----------+-------------------------------------------
     0 | D:1      | McGhostyFace the Gnoll Wanderer began the quest for the
                  | Orb.
     0 | D:1      | McGhostyFace set off with the following items: a +0 dagger,
                  | a potion of berserk rage, a +0 robe, a +0 pair of gloves;
                  | and the following spells available to memorise: Beastly
                  | Appendage, Freeze, Ozocubu's Armour, Spider Form, Petrify.
     0 | D:1      | Reached XP level 1. HP: 20/20 MP: 8/8
     2 | D:1      | Learned a level 1 spell: Freeze
   138 | D:1      | Reached XP level 2. HP: 20/26 MP: 5/10
   508 | D:1      | Reached XP level 3. HP: 28/31 MP: 9/11
  1079 | D:2      | Reached skill level 1 in Invocations
  1302 | D:2      | Reached skill level 1 in Short Blades
  1302 | D:2      | Reached skill level 1 in Long Blades
  1302 | D:2      | Reached skill level 1 in Axes
  1302 | D:2      | Reached skill level 1 in Maces & Flails
  1302 | D:2      | Reached skill level 1 in Polearms
  1302 | D:2      | Reached skill level 1 in Staves
  1302 | D:2      | Reached skill level 1 in Ranged Weapons
  1302 | D:2      | Reached skill level 1 in Throwing
  1302 | D:2      | Reached skill level 1 in Armour
  1302 | D:2      | Reached skill level 1 in Dodging
  1302 | D:2      | Reached skill level 1 in Shields
  1302 | D:2      | Reached skill level 1 in Unarmed Combat
  1302 | D:2      | Reached skill level 1 in Evocations
  1564 | D:3      | Noticed a steam dragon
  1889 | D:3      | Killed from afar by an orc priest

Illustrated notes

Levels and vault maps discovered:
D:1:      dpeg_arrival_pond, layout_basic, minmay_rat_gold_closets
D:2:      layout_rooms, minmay_pentomino_o4
D:3:      layout_rooms, mainiacjoe_overflow_big_doors

Skill      XL: |  1  2  3 |
---------------+----------+-----
Ice Magic      | 2 |  2.1
Invocations    | 1 |  1.0
Short Blades   | 1 |  1.0
Long Blades    | 1 |  1.0
Axes           | 1 |  1.0
Maces & Flails | 1 |  1.0
Polearms       | 1 |  1.0
Staves         | 1 |  1.0
Ranged Weapons | 1 |  1.0
Throwing       | 1 |  1.0
Armour         | 1 |  1.0
Dodging        | 1 |  1.0
Shields        | 1 |  1.0
Unarmed Combat | 1 |  1.0
Evocations     | 1 |  1.0
Fighting       | |  4.6
Stealth        | |  4.2
Spellcasting   | |  7.1
Conjurations   | |  0.7
Hexes          | |  0.7
Summonings     | |  0.7
Necromancy     | |  0.7
Translocations | |  0.7
Transmutations | |  3.8
Fire Magic     | |  0.7
Air Magic      | |  0.7
Earth Magic    | |  0.7
Poison Magic   | |  0.7

Action                   || total
-------------------------++-------
Melee: Dagger            ||    20
       Short sword       ||    43
       Bite              ||     4
 Cast: Freeze            ||    32
  Use: Potion            ||     4
 Stab: Sleeping          ||    11
Armor: Robe              ||    33
Dodge: Dodged            ||    54

Table legend: (Time is in decaauts)
 A = Elapsed time spent in this place.
 B = Non-inter-level travel time spent in this place.
 C = Inter-level travel time spent in this place.
 D = Time resting spent in this place.
 E = Time spent auto-exploring this place.
 F = Levels seen in this place.
 G = Mean time per level.
                   A        B        C        D        E       F      G
               +--------+--------+--------+--------+--------+-----+--------+
         Total |   1887 |   1725 |    162 |    487 |    889 |   3 |  629.0 |
       Dungeon |   1887 |   1725 |    162 |    487 |    889 |   3 |  629.0 |
               +--------+--------+--------+--------+--------+-----+--------+

Top non-repeatable levels by time:
     D:1: 992 daAuts
     D:2: 862 daAuts
     D:3: 33 daAuts
